Map: Inside and Out

Players

iGXY (XY)

  • Race: Terran Terran
  • League: Master
  • Spawn Location: 1:00

海绵宝宝 (Coffee) - Winner!

  • Race: Terran Terran
  • League: Master
  • Spawn Location: 7:00

Event: DreamHack SC2 Masters 2022 Atlanta (Online)

VOD

Have the link to the VOD?

Description

Time

  • Played on: Oct. 5, 2022, 9:03 a.m.
  • Length: 7:53

All games in this series

Show
View Real Time Build Order
Export as new Build Order

iGXY Terran 

Build Orders:  

Get SALT Encoding   

  12  0:00  SCV  
  13  0:12  SCV  
  14  0:17  Supply Depot  
  14  0:24  SCV  
  15  0:38  SCV  
  15  0:39  Barracks  
  16  0:42  Refinery  
  16  0:50  SCV  
  16  0:52  Refinery  
  17  1:02  SCV  
  18  1:14  SCV  
  19  1:26  Barracks Reactor, Orbital Command  
  19  1:28  Supply Depot  
  19  1:39  Factory  
  19  1:53  SCV  
  20  2:02  Reaper x2  
  20  2:05  SCV  
  22  2:17  SCV  
  23  2:27  Hellion  
  23  2:29  SCV  
  24  2:34  Reaper  
  25  2:41  SCV  
  24  2:47  Reaper  
  24  2:48  Hellion  
  27  2:53  SCV  
  26  3:05  SCV  
  26  3:06  Marine  
  23  3:17  SCV  
  23  3:19  Marine  
  22  3:24  Marine  
  20  3:27  Hellion  
  20  3:30  SCV  
  23  3:37  Command Center  
  23  3:42  SCV  
  23  3:45  Reaper x2  
  25  3:51  Hellion  
  25  3:55  SCV  
  28  4:06  Supply Depot  
  28  4:07  SCV  
  29  4:16  Factory Tech Lab  
  29  4:19  SCV  
  30  4:25  Supply Depot  
  30  4:31  SCV  
  30  4:34  Cyclone  
  30  4:36  Mag-Field Accelerator  
  30  4:43  SCV  
  30  4:47  Marine x2  
  32  4:56  SCV  
  32  5:06  Cyclone  
  34  5:07  Orbital Command  
  34  5:08  SCV  
  32  5:14  Starport  
  32  5:20  SCV  
  31  5:32  SCV  
  31  5:33  SCV  
  33  5:38  Cyclone  
  33  5:43  Marine x2  
  31  5:50  SCV x2  
  31  5:54  Medivac  
  35  6:02  SCV x2  
  35  6:04  Marine x2  
  37  6:10  Supply Depot  
  39  6:12  Cyclone  
  39  6:14  SCV x2  
  44  6:26  SCV  
  44  6:28  Refinery  
  44  6:30  SCV  
  46  6:38  SCV  
  47  6:42  SCV  
  47  6:44  Cyclone  
  45  6:47  Viking  
  45  6:48  Marine  
  45  6:49  Marine  
  45  6:51  SCV  
  50  6:55  SCV  
  49  7:03  SCV  
  49  7:06  Marine x2  
  49  7:07  SCV  
  52  7:12  Command Center  
  47  7:16  Cyclone  
  47  7:20  SCV  
  47  7:22  SCV  
  50  7:32  SCV  
  50  7:33  Marine x2  
Show
View Real Time Build Order
Export as new Build Order

海绵宝宝 Terran - Winner!

Build Orders:  

Get SALT Encoding   

  12  0:00  SCV  
  13  0:12  SCV  
  14  0:18  Supply Depot  
  14  0:41  Barracks  
  14  0:42  Refinery  
  14  0:53  Barracks  
  14  0:57  SCV  
  15  1:09  SCV  
  16  1:28  Reaper, Orbital Command  
  16  1:32  Refinery  
  17  1:42  Reaper  
  18  1:54  SCV  
  18  1:57  Supply Depot  
  18  2:00  Reaper  
  20  2:06  SCV  
  21  2:15  Reaper  
  21  2:18  SCV  
  23  2:30  SCV  
  23  2:32  Factory  
  23  2:35  Reaper  
  24  2:47  SCV, Marine  
  26  2:59  SCV  
  27  3:05  Reaper  
  27  3:08  Reaper  
  27  3:26  SCV  
  27  3:28  Factory Tech Lab  
  27  3:36  Command Center  
  27  3:38  Reaper  
  27  3:40  Reaper  
  29  3:49  Supply Depot  
  29  3:57  SCV  
  29  4:00  Hellion  
  29  4:02  Starport  
  31  4:10  SCV  
  32  4:20  Supply Depot  
  32  4:22  SCV  
  32  4:24  Cyclone  
  35  4:35  SCV  
  34  4:43  Medivac  
  34  4:47  SCV  
  34  4:48  Orbital Command  
  34  4:52  Refinery  
  35  4:56  Cyclone  
  38  5:02  SCV  
  39  5:07  Orbital Command  
  39  5:14  SCV  
  39  5:15  Command Center  
  39  5:16  Barracks Reactor, Starport Tech Lab  
  38  5:26  SCV  
  38  5:28  Siege Tank  
  42  5:34  SCV  
  43  5:38  SCV  
  44  5:50  Raven  
  44  5:51  SCV x2  
  44  5:53  Marine x2  
  50  6:01  Siege Tank  
  50  6:03  SCV x2  
  55  6:04  Supply Depot  
  55  6:09  Supply Depot  
  55  6:13  Marine x2  
  55  6:15  SCV x2  
  59  6:27  SCV x2  
  59  6:28  Orbital Command  
  59  6:31  Marine x2  
  59  6:32  Supply Depot  
  63  6:33  Siege Tank  
  63  6:39  SCV  
  65  6:48  Raven, Marine x2  
  65  6:50  SCV  
  65  6:51  SCV  
  71  6:56  Barracks  
  71  6:58  Barracks  
  66  7:06  Marine x2  
  68  7:08  SCV x2  
  68  7:12  Siege Tank  
  68  7:14  SCV  
  74  7:20  SCV  
  74  7:21  SCV  
  76  7:24  Marine x2  
Tags
 
Add a new tag
Caveats
  • Supply blocks, unpowered buildings, or Contaminate may cause inaccurate times.
  • Supply counts are checked every 10 seconds.